[Event "ICC tourney 2556 (25 5)"]
[Site "Internet Chess Club"]
[Date "2021.05.08"]
[Round "1"]
[White "KANCHARLAPALLI, NIYATI:K05-16973271"]
[Black "YAO, COCO:K05-16335651"]
[Result "0-1"]
[ICCResult "White checkmated"]
[WhiteElo "310"]
[BlackElo "1082"]
[Opening "Queen's pawn, Mason variation"]
[ECO "D00"]
[NIC "QP.08"]
[Time "11:31:21"]
[PlyCount "74"]
[TimeControl "1500+5"]

1. d4 d5 2. Bf4 Bf5 3. e3 e6 4. Bd3 Bg6 5. Nf3 Nf6 6. O-O Bd6 7. Bg3 O-O 8.
Nc3 Nbd7 9. Bxd6 cxd6 10. e4 dxe4 11. Bxe4 Nxe4 12. Nxe4 Bxe4 13. Ng5 Bg6
14. d5 Qxg5 15. dxe6 fxe6 16. Qxd6 Rad8 17. Qxe6+ Bf7 18. Qe2 Rfe8 19. Qd3
Re6 20. f4 Qg4 21. g3 Qh3 22. f5 Rh6 23. Rf2 Rf6 24. Kh1 g6 25. Raf1 g5 26.
Kg1 Qg4 27. Kg2 Bc4 28. h3 Bxd3 29. cxd3 Qd4 30. h4 gxh4 31. gxh4 Qxd3 32.
Kg1 Kh8 33. h5 Rg8+ 34. Rg2 Rxg2+ 35. Kxg2 Rxf5 36. Rh1 Qc2+ 37. Kg1 Qf2# {
White checkmated } 0-1

[Event "ICC tourney 2556 (25 5)"]
[Site "Internet Chess Club"]
[Date "2021.05.08"]
[Round "1"]
[White "QIAO, EVELYN:K05-16026633"]
[Black "FUNG, JAYDEN:K05-16706456"]
[Result "1-0"]
[ICCResult "Black checkmated"]
[WhiteElo "1575"]
[BlackElo "761"]
[Opening "Sicilian: Najdorf, Adams attack"]
[ECO "B90"]
[NIC "SI.14"]
[Time "11:32:13"]
[PlyCount "135"]
[TimeControl "1500+5"]

1. e4 c5 2. Nf3 d6 3. d4 cxd4 4. Nxd4 Nf6 5. Nc3 a6 6. h3 e5 7. Nf3 Be7 8.
Be3 Nbd7 9. Bc4 b5 10. Bd5 Nxd5 11. Nxd5 O-O 12. O-O Bb7 13. Qd2 Nf6 14.
Nxf6+ Bxf6 15. Qd3 Re8 16. Nd2 d5 17. exd5 Qxd5 18. Qxd5 Bxd5 19. Nb3 a5
20. Nc5 e4 21. c3 b4 22. Bd4 Bxd4 23. cxd4 a4 24. b3 axb3 25. axb3 Rac8 26.
Ra4 Rb8 27. Rb1 h6 28. Na6 Ra8 29. Nc7 Rxa4 30. bxa4 Rd8 31. Nxd5 Rxd5 32.
Rxb4 Kh7 33. Kf1 f5 34. Ke2 Kg6 35. Ke3 Kh5 36. Rb5 Rd6 37. Rxf5+ Kg6 38.
Kxe4 Re6+ 39. Re5 Ra6 40. a5 Kf6 41. Rb5 Kf7 42. d5 Ke7 43. Ke5 Kd7 44. d6
Rxd6 45. Rb7+ Kc8 46. Kxd6 Kxb7 47. Ke7 Ka6 48. Kf7 Kxa5 49. Kxg7 Kb6 50.
Kxh6 Kc7 51. f4 Kd7 52. g4 Ke7 53. g5 Kf7 54. f5 Kg8 55. f6 Kh8 56. g6 Kg8
57. f7+ Kf8 58. h4 Ke7 59. Kg7 Ke6 60. f8=Q Kd7 61. Kf6 Kc6 62. g7 Kd5 63.
g8=Q+ Ke4 64. Qe6+ Kd3 65. Qd8+ Kc3 66. Qc6+ Kb3 67. Qb8+ Ka3 68. Qa6# {
Black checkmated } 1-0

[Event "ICC tourney 2556 (25 5)"]
[Site "Internet Chess Club"]
[Date "2021.05.08"]
[Round "1"]
[White "ARAVINDAKSHAN, SAHANA:K05-16741147"]
[Black "TCHENG, GENE:K05-16951443"]
[Result "1-0"]
[ICCResult "Black checkmated"]
[WhiteElo "1587"]
[BlackElo "769"]
[Opening "QGD Slav defense: exchange variation"]
[ECO "D10"]
[NIC "SL.01"]
[Time "11:31:07"]
[PlyCount "87"]
[TimeControl "1500+5"]

1. d4 d5 2. c4 c6 3. cxd5 cxd5 4. Nf3 Nc6 5. Nc3 Bf5 6. Qb3 Qc7 7. Qxd5 e6
8. Qb3 Nf6 9. Bg5 Be7 10. e3 Na5 11. Qa4+ Nc6 12. Bb5 O-O 13. O-O a6 14.
Bxc6 bxc6 15. Rac1 Nd5 16. Nxd5 exd5 17. Bxe7 Qxe7 18. Qxc6 Rfc8 19. Qxd5
Be4 20. Qe5 Qxe5 21. Nxe5 f6 22. Nf3 Bxf3 23. gxf3 Rcb8 24. Rc2 Rb5 25.
Rfc1 Rg5+ 26. Kh1 Kf7 27. Rc8 Rxc8 28. Rxc8 Ke6 29. Rc6+ Kd5 30. Rxa6 Kc4
31. f4 Rg6 32. Rc6+ Kd3 33. b4 Ke2 34. Rc2+ Kf1 35. Rc1+ Kxf2 36. b5 f5 37.
Rb1 h6 38. b6 Kxe3 39. b7 Kxf4 40. b8=Q+ Ke4 41. Qe5+ Kf3 42. Rb3+ Kf2 43.
Qe3+ Kf1 44. Rb1# { Black checkmated } 1-0

[Event "ICC tourney 2556 (25 5)"]
[Site "Internet Chess Club"]
[Date "2021.05.08"]
[Round "1"]
[White "LIM, HAYUL:K05-30151794"]
[Black "MARADANA, HARSHA:K05-30024511"]
[Result "1-0"]
[ICCResult "Black checkmated"]
[WhiteElo "1095"]
[BlackElo "361"]
[Opening "Giuoco Piano"]
[ECO "C54"]
[NIC "IG.02"]
[Time "11:31:48"]
[PlyCount "57"]
[TimeControl "1500+5"]

1. e4 e5 2. Nf3 Nc6 3. Bc4 Bc5 4. c3 Nf6 5. d3 d6 6. O-O O-O 7. h3 Ne8 8.
Nbd2 Qf6 9. Nb3 Qg6 10. Nh4 Qf6 11. Nf3 Qg6 12. Nh4 Qf6 13. Qh5 g6 14. Qh6
Ng7 15. Bg5 Qxg5 16. Qxg5 h6 17. Qxh6 Be6 18. Nxc5 dxc5 19. Bxe6 fxe6 20.
Qxg6 Ne7 21. Qg4 Rf4 22. Qg5 Rd8 23. Qxe7 Rxd3 24. Rad1 Rxd1 25. Rxd1 Rxe4
26. Rd8+ Kh7 27. Qf6 Re1+ 28. Kh2 e4 29. Qg6# { Black checkmated } 1-0

[Event "ICC tourney 2556 (25 5)"]
[Site "Internet Chess Club"]
[Date "2021.05.08"]
[Round "1"]
[White "GURLEY, ADELYN:K05-16399220"]
[Black "DAVID YAN BO KOTCHEN, AARON:K05-16524882"]
[Result "1-0"]
[ICCResult "Black checkmated"]
[WhiteElo "733"]
[BlackElo "1523"]
[Opening "Sicilian"]
[ECO "B50"]
[NIC "SI.01"]
[Time "11:30:18"]
[PlyCount "37"]
[TimeControl "1500+5"]

1. e4 c5 2. Nf3 d6 3. h3 Nf6 4. Nc3 Nc6 5. g3 g6 6. Bg2 Bg7 7. d3 O-O 8.
O-O Bd7 9. Bg5 h6 10. Bf4 g5 11. Nxg5 hxg5 12. Bxg5 Qc8 13. g4 Nh7 14. Qd2
Bxg4 15. Qf4 Bxh3 16. Bh6 Bxg2 17. Qg3 Ng5 18. Qxg5 Kh7 19. Qxg7# { Black
checkmated } 1-0

[Event "ICC tourney 2556 (25 5)"]
[Site "Internet Chess Club"]
[Date "2021.05.08"]
[Round "1"]
[White "METZMAKER, SUYA:K05-16458411"]
[Black "RUTHERFORD, ELI:K05-16195682"]
[Result "1-0"]
[ICCResult "Black checkmated"]
[WhiteElo "1618"]
[BlackElo "785"]
[Opening "Scandinavian: Pytel-Wade variation"]
[ECO "B01"]
[NIC "SD.02"]
[Time "11:32:33"]
[PlyCount "67"]
[TimeControl "1500+5"]

1. e4 d5 2. exd5 Qxd5 3. Nc3 Qd6 4. Nf3 Nc6 5. Bb5 Bd7 6. O-O O-O-O 7. d3
a6 8. Bc4 e6 9. Be3 Nge7 10. Re1 g6 11. Bg5 Bg7 12. Ne4 Qc5 13. Nxc5 Rde8
14. Nxd7 Kxd7 15. Rb1 Rd8 16. d4 Ke8 17. d5 exd5 18. Bxd5 Na7 19. Bxe7 Rd7
20. Bc5+ Kd8 21. Bxa7 c6 22. Bb6+ Kc8 23. Qe2 Rxd5 24. h3 Rb5 25. Bd4 Bxd4
26. Nxd4 Rd5 27. Qg4+ Kb8 28. Nb3 Rhd8 29. Rbd1 Rxd1 30. Rxd1 Rxd1+ 31.
Qxd1 f5 32. Qd7 h6 33. Nc5 f4 34. Qxb7# { Black checkmated } 1-0

[Event "ICC tourney 2556 (25 5)"]
[Site "Internet Chess Club"]
[Date "2021.05.08"]
[Round "1"]
[White "SHAHINYAN, INNA:K05-17114472"]
[Black "GORDON, SAMMY:K05-16134625"]
[Result "0-1"]
[ICCResult "White checkmated"]
[WhiteElo "635"]
[BlackElo "1397"]
[Opening "Sicilian: Pelikan (Lasker/Sveshnikov) variation"]
[ECO "B30"]
[NIC "SI.35"]
[Time "11:30:31"]
[PlyCount "106"]
[TimeControl "1500+5"]

1. e4 c5 2. Nf3 Nc6 3. Nc3 Nf6 4. d4 cxd4 5. Nxd4 e5 6. Nxc6 bxc6 7. Bc4
Bb7 8. Bb3 Bb4 9. Bd2 Bxc3 10. Bxc3 Nxe4 11. Bxe5 Qa5+ 12. c3 Qxe5 13. Qe2
d6 14. Bc2 c5 15. f3 Nf6 16. Qxe5+ dxe5 17. Ba4+ Ke7 18. Kf2 Rad8 19. Rad1
Rxd1 20. Rxd1 Rd8 21. Rxd8 Kxd8 22. Ke3 Ke7 23. f4 exf4+ 24. Kxf4 Bxg2 25.
b4 cxb4 26. cxb4 Nd5+ 27. Kg3 Be4 28. a3 Nc3 29. Bb3 Bc6 30. Bc2 Ba4 31.
Bxh7 g6 32. h4 Kf8 33. h5 Kg7 34. hxg6 fxg6 35. Bxg6 Kxg6 36. Kf3 Nb5 37.
Ke3 Nxa3 38. Kd3 Nb5 39. Kc4 Kf5 40. Kd3 Ke5 41. Kc4 Ke4 42. Kc5 Kd3 43.
Kd5 Kc3 44. Kc5 Kb3 45. Kd5 Kxb4 46. Kc6 a5 47. Kb6 Bc2 48. Ka6 a4 49. Kb6
a3 50. Ka6 a2 51. Kb6 a1=Q 52. Kc6 Be4+ 53. Kb6 Qa7# { White checkmated }
0-1

[Event "ICC tourney 2556 (25 5)"]
[Site "Internet Chess Club"]
[Date "2021.05.08"]
[Round "1"]
[White "UEZU, AUSTIN:K05-16532086"]
[Black "JIN, MICHAEL:K05-16010553"]
[Result "1-0"]
[ICCResult "Black checkmated"]
[WhiteElo "1196"]
[BlackElo "475"]
[Opening "Petrov's defense"]
[ECO "C42"]
[NIC "RG.03"]
[Time "11:31:50"]
[PlyCount "97"]
[TimeControl "1500+5"]

1. e4 e5 2. Nf3 Nf6 3. Nxe5 Nc6 4. Nxc6 dxc6 5. e5 Ng4 6. d4 Bb4+ 7. c3 Be7
8. Be2 h5 9. h3 Nh6 10. Bxh5 Be6 11. Nd2 Bd5 12. Nf3 Nf5 13. Bg4 Nh4 14.
Nxh4 Bxh4 15. Bf3 f6 16. Qe2 Bxf3 17. Qxf3 Qe7 18. O-O O-O-O 19. Bf4 c5 20.
exf6 Qxf6 21. Qg4+ Rd7 22. dxc5 g5 23. Rad1 Rd8 24. Rxd7 Rxd7 25. Rd1 Qg7
26. Be5 Qe7 27. Qxd7+ Qxd7 28. Rxd7 Kxd7 29. g3 Ke6 30. Bd4 Kf5 31. gxh4
gxh4 32. c6 b6 33. Kg2 Ke6 34. Kf3 Kd5 35. Kg4 Kxc6 36. f4 Kd6 37. f5 Ke7
38. Kxh4 Kf7 39. Kg5 c5 40. Be5 a5 41. Bc7 b5 42. h4 a4 43. h5 b4 44. cxb4
cxb4 45. h6 Kg8 46. Kg6 Kh8 47. f6 b3 48. Be5 bxa2 49. f7# { Black
checkmated } 1-0

[Event "ICC tourney 2556 (25 5)"]
[Site "Internet Chess Club"]
[Date "2021.05.08"]
[Round "1"]
[White "ARORA, RANBEER:K05-15760434"]
[Black "SRINIVASAN, VISHWATH:K05-16418200"]
[Result "1-0"]
[ICCResult "Black checkmated"]
[WhiteElo "1521"]
[BlackElo "731"]
[Opening "Queen's pawn, Mason variation"]
[ECO "D00"]
[NIC "QP.08"]
[Time "11:31:33"]
[PlyCount "181"]
[TimeControl "1500+5"]

1. d4 d5 2. Bf4 Bf5 3. e3 Nf6 4. c3 e6 5. Nd2 c6 6. Ngf3 Nbd7 7. Qb3 Nb6 8.
Bc4 dxc4 9. Nxc4 Be7 10. Nxb6 axb6 11. Nh4 Be4 12. O-O O-O 13. f3 Bd5 14.
c4 e5 15. dxe5 Be6 16. exf6 Bxf6 17. g3 b5 18. Qc2 Bxc4 19. Rfd1 Qb6 20.
Nf5 Rad8 21. Nd6 Bd5 22. Kg2 g5 23. Nf5 gxf4 24. gxf4 Bg7 25. Kf2 Rfe8 26.
Rg1 Kh8 27. Rxg7 Be6 28. Qc3 Rg8 29. Rxf7+ Rd4 30. Rxh7+ Kxh7 31. Nxd4 Bh3
32. Qd3+ Kh8 33. Rg1 Rxg1 34. Kxg1 c5 35. Nxb5 c4 36. Qc3+ Kh7 37. Nd4 Qg6+
38. Kf2 Qg2+ 39. Ke1 Qf1+ 40. Kd2 Qf2+ 41. Ne2 Qxf3 42. Qxc4 Bf1 43. Qd3+
Kh6 44. Qd6+ Kh5 45. Qe5+ Kh6 46. Qg5+ Kh7 47. Qe7+ Kh6 48. Qe6+ Kh7 49.
Qf5+ Kh6 50. Qb5 Qg2 51. Qg5+ Qxg5 52. fxg5+ Kxg5 53. Ng3 Bc4 54. b3 Bd5
55. e4 Bc6 56. Ke3 Kf6 57. Kd4 Ke6 58. Ne2 Kd6 59. e5+ Ke6 60. Nf4+ Ke7 61.
Nd5+ Ke6 62. Nf4+ Ke7 63. h4 Kf7 64. e6+ Kf6 65. h5 Kg7 66. Ke5 Be8 67. Kf5
Kf8 68. h6 Kg8 69. Ng6 Kh7 70. Ne7 Kxh6 71. Nd5 Kg7 72. Nf6 Bg6+ 73. Ke5
Kf8 74. e7+ Kg7 75. e8=Q Bxe8 76. Nxe8+ Kf8 77. Nd6 b6 78. Kd5 b5 79. Kc5
b4 80. Kxb4 Ke7 81. Kc5 Kd7 82. a4 Kc7 83. b4 Kb8 84. b5 Ka8 85. b6 Kb8 86.
a5 Ka8 87. a6 Kb8 88. Kc6 Ka8 89. Nb5 Kb8 90. a7+ Ka8 91. b7# { Black
checkmated } 1-0

[Event "ICC tourney 2556 (25 5)"]
[Site "Internet Chess Club"]
[Date "2021.05.08"]
[Round "1"]
[White "ZHUANG, KYLE:K05-16368295"]
[Black "YU, ZIRAN:K05-30074850"]
[Result "1-0"]
[ICCResult "Black resigns"]
[WhiteElo "1637"]
[BlackElo "795"]
[Opening "Ruy Lopez: Graz variation"]
[ECO "C70"]
[NIC "RL.09"]
[Time "11:32:30"]
[PlyCount "68"]
[TimeControl "1500+5"]

1. e4 e5 2. Nf3 Nc6 3. Bb5 a6 4. Ba4 b5 5. Bb3 Bc5 6. d3 Nf6 7. O-O Nd4 8.
Nxe5 Nxb3 9. axb3 d6 10. Nf3 O-O 11. Bg5 h6 12. Bh4 g5 13. Bg3 Nh5 14. d4
Nxg3 15. hxg3 Bb6 16. Nbd2 g4 17. Nh4 Bxd4 18. c3 Bf6 19. Nf5 Bxf5 20. exf5
h5 21. Ne4 Re8 22. Re1 Kg7 23. Qd2 Rh8 24. Qf4 Be5 25. f6+ Bxf6 26. Qf5 c6
27. Rad1 d5 28. c4 Bxb2 29. cxd5 cxd5 30. Rxd5 Qe7 31. Rd7 Qe6 32. Qxe6
Rad8 33. Rxf7+ Kg8 34. Qg6+ Bg7 { Black resigns } 1-0

[Event "ICC tourney 2556 (25 5)"]
[Site "Internet Chess Club"]
[Date "2021.05.08"]
[Round "1"]
[White "KASTURI, SAHANA:K05-16916485"]
[Black "HONG, LUKE:K05-16894950"]
[Result "0-1"]
[ICCResult "White checkmated"]
[WhiteElo "597"]
[BlackElo "1346"]
[Opening "Giuoco Piano"]
[ECO "C50"]
[NIC "IG.02"]
[Time "11:30:54"]
[PlyCount "60"]
[TimeControl "1500+5"]

1. e4 e5 2. Nf3 Nc6 3. Bc4 Bc5 4. O-O Nf6 5. Nc3 d6 6. h3 O-O 7. d3 h6 8.
Na4 Bd4 9. Nxd4 Nxd4 10. Be3 a5 11. Bxd4 exd4 12. c3 dxc3 13. Nxc3 Be6 14.
a4 d5 15. exd5 Nxd5 16. Ne4 Nf4 17. b3 Bxc4 18. bxc4 Qxd3 19. Qe1 Rfe8 20.
Nc5 Qg6 21. Qxe8+ Rxe8 22. g3 Nxh3+ 23. Kh1 Nxf2+ 24. Rxf2 Qh5+ 25. Rh2
Qxc5 26. Rc1 Qc6+ 27. Rg2 Re2 28. Rg1 Qf3 29. g4 Qh3+ 30. Rh2 Rxh2# { White
checkmated } 0-1

[Event "ICC tourney 2556 (25 5)"]
[Site "Internet Chess Club"]
[Date "2021.05.08"]
[Round "1"]
[White "BLACKWOOD, ZAHIR:K05-16439887"]
[Black "BERTI, ANDREW:K05-16787803"]
[Result "0-1"]
[ICCResult "White checkmated"]
[WhiteElo "487"]
[BlackElo "1222"]
[Opening "Sicilian: Nimzovich-Rubinstein variation"]
[ECO "B29"]
[NIC "SI.43"]
[Time "11:30:54"]
[PlyCount "48"]
[TimeControl "1500+5"]

1. e4 c5 2. Nf3 Nf6 3. Nc3 d5 4. d4 dxe4 5. Ne5 cxd4 6. Nb5 Qa5+ 7. Bd2 Qd8
8. Bc4 e6 9. O-O Nc6 10. Nxc6 bxc6 11. Nxd4 Qxd4 12. b3 Be7 13. c3 Qd8 14.
Qe1 O-O 15. Qe3 Qd6 16. g3 c5 17. Rae1 Bb7 18. Re2 Qc6 19. g4 Nxg4 20. Qg3
f5 21. h3 Bd6 22. f4 exf3 23. Bf4 f2+ 24. Rexf2 Qh1# { White checkmated }
0-1

[Event "ICC tourney 2556 (25 5)"]
[Site "Internet Chess Club"]
[Date "2021.05.08"]
[Round "1"]
[White "WANG, YOURAN:K05-16488667"]
[Black "SUNG, LUCAS:K05-16250308"]
[Result "1-0"]
[ICCResult "Black checkmated"]
[WhiteElo "1553"]
[BlackElo "750"]
[Opening "Giuoco Pianissimo"]
[ECO "C50"]
[NIC "IG.02"]
[Time "11:31:12"]
[PlyCount "59"]
[TimeControl "1500+5"]

1. e4 e5 2. Nf3 Nc6 3. Bc4 Bc5 4. d3 Nf6 5. O-O O-O 6. Be3 Bxe3 7. fxe3 d6
8. Nc3 Be6 9. Nd5 Bxd5 10. Bxd5 Ne7 11. Bb3 c6 12. Qd2 d5 13. exd5 cxd5 14.
Nxe5 Qd6 15. d4 Nc6 16. Nxc6 Ng4 17. Rf4 Nh6 18. Ne5 f6 19. Ng4 g5 20.
Nxh6+ Kh8 21. Rff1 f5 22. Nxf5 Rxf5 23. Rxf5 Qg6 24. Raf1 Qh6 25. Qb4 Kg7
26. Rf7+ Kg6 27. Bxd5 g4 28. Qd6+ Kg5 29. R1f5+ Kh4 30. Qxh6# { Black
checkmated } 1-0

[Event "ICC tourney 2556 (25 5)"]
[Site "Internet Chess Club"]
[Date "2021.05.08"]
[Round "1"]
[White "ZHAO, BRYAN:K05-16690808"]
[Black "KURUP, SIDDHARTH:K05-16282415"]
[Result "0-1"]
[ICCResult "White checkmated"]
[WhiteElo "744"]
[BlackElo "1548"]
[Opening "QGD semi-Slav: 5...Nd7"]
[ECO "D45"]
[NIC "SL.08"]
[Time "11:30:46"]
[PlyCount "112"]
[TimeControl "1500+5"]

1. c4 c6 2. Nc3 d5 3. e3 Nf6 4. Nf3 e6 5. d4 Nbd7 6. b3 Bb4 7. Bb2 Qa5 8.
Qc2 Ne4 9. Rc1 Qxa2 10. Kd1 Bxc3 11. Bxc3 Nxf2+ 12. Ke1 Qxc2 13. Rxc2 Nxh1
14. Bd3 Nf6 15. Rc1 Ng4 16. Ke2 Nhf2 17. Bc2 Ne4 18. Bb2 O-O 19. h3 Ngf6
20. g4 b6 21. Rg1 Ba6 22. g5 Nh5 23. Bd3 Nhg3+ 24. Ke1 dxc4 25. bxc4 c5 26.
h4 cxd4 27. Bxd4 Rac8 28. h5 Bxc4 29. Bxe4 Nxe4 30. h6 g6 31. Bg7 Rfd8 32.
Rg4 Bd3 33. Rxe4 Bxe4 34. Ne5 Rc1+ 35. Ke2 Rc2+ 36. Ke1 Rd5 37. Ng4 Rf5 38.
Nf6+ Rxf6 39. Bxf6 a5 40. Bd8 Rb2 41. Bf6 Rb1+ 42. Ke2 a4 43. Kd2 a3 44.
Ke2 a2 45. Kd2 a1=Q 46. Bxa1 Rxa1 47. Kc3 Rg1 48. Kb4 Rxg5 49. Kc4 b5+ 50.
Kb4 f5 51. Kxb5 f4+ 52. Kc4 f3 53. Kd4 f2 54. Kxe4 f1=Q 55. Kd4 Rd5+ 56.
Ke4 Qf5# { White checkmated } 0-1

[Event "ICC tourney 2556 (25 5)"]
[Site "Internet Chess Club"]
[Date "2021.05.08"]
[Round "1"]
[White "JOSHI, AARAV:K05-30026655"]
[Black "GOLSEFIDY, SEPEHR:K05-16686975"]
[Result "0-1"]
[ICCResult "White checkmated"]
[WhiteElo "834"]
[BlackElo "1882"]
[Opening "Catalan: closed"]
[ECO "E02"]
[NIC "CA.01"]
[Time "11:30:24"]
[PlyCount "70"]
[TimeControl "1500+5"]

1. d4 Nf6 2. c4 e6 3. g3 d5 4. Bg2 dxc4 5. Nc3 c5 6. e3 Be7 7. Nf3 O-O 8.
O-O Qc7 9. Ne5 Bd7 10. Nxc4 Bc6 11. Bxc6 Nxc6 12. Qf3 cxd4 13. exd4 Nxd4
14. Qd3 Rfd8 15. Bf4 Qc5 16. Na4 Qh5 17. Qb1 b5 18. Rd1 Ne2+ 19. Kf1 Nxf4
20. gxf4 Qxh2 21. Na5 bxa4 22. Nc6 Qh1+ 23. Ke2 Qxc6 24. Rc1 Qb5+ 25. Ke1
Bb4+ 26. Rc3 Rab8 27. a3 Bxc3+ 28. bxc3 Qxb1+ 29. Rxb1 Rxb1+ 30. Ke2 Rb3
31. Ke3 Rxc3+ 32. Ke2 Ne4 33. Ke1 Rd2 34. Kf1 Rxf2+ 35. Kg1 Rc1# { White
checkmated } 0-1

[Event "ICC tourney 2556 (25 5)"]
[Site "Internet Chess Club"]
[Date "2021.05.08"]
[Round "1"]
[White "GASINSKY, JACOB:K05-16624648"]
[Black "KAZAN, JUDE:K05-16350155"]
[Result "0-1"]
[ICCResult "White resigns"]
[WhiteElo "807"]
[BlackElo "1655"]
[Opening "Caro-Kann defense"]
[ECO "B10"]
[NIC "CK.01"]
[Time "11:31:13"]
[PlyCount "66"]
[TimeControl "1500+5"]

1. e4 c6 2. Nf3 d5 3. exd5 cxd5 4. d4 Nc6 5. Nc3 Nf6 6. Be3 Bg4 7. Be2 e6
8. O-O Bd6 9. Ne5 Nxe5 10. dxe5 Bxe2 11. Qxe2 Bxe5 12. Bg5 Bxc3 13. bxc3
O-O 14. c4 h6 15. Bxf6 Qxf6 16. cxd5 exd5 17. Qd3 Qc6 18. Rac1 Qc4 19. Qf3
Qxa2 20. c4 dxc4 21. Qxb7 Qb3 22. Qd5 Rfc8 23. Rfe1 Qd3 24. Qb7 c3 25. Qb3
Qc4 26. Qc2 a5 27. Re3 a4 28. Re4 Qb3 29. Qd3 Qb2 30. Rc2 Qb1+ 31. Qf1 Qxc2
32. Re2 Qxe2 33. Qxe2 c2 { White resigns } 0-1

[Event "ICC tourney 2556 (25 5)"]
[Site "Internet Chess Club"]
[Date "2021.05.08"]
[Round "1"]
[White "SAIMADHAV CHALLA, KARUNYA:K05-17096756"]
[Black "L LIU, JASON:K05-15325166"]
[Result "0-1"]
[ICCResult "White checkmated"]
[WhiteElo "781"]
[BlackElo "1615"]
[Opening "KP: Patzer opening"]
[ECO "C20"]
[NIC "KP.10"]
[Time "11:32:33"]
[PlyCount "46"]
[TimeControl "1500+5"]

1. e4 e5 2. Qh5 Qe7 3. Bc4 Nf6 4. Qf3 Nc6 5. Ne2 d6 6. h3 Be6 7. Bxe6 Qxe6
8. c3 O-O-O 9. d3 h6 10. O-O g5 11. g4 Kb8 12. b4 Ne7 13. c4 Ng6 14. Nbc3
Nh4 15. Qe3 c6 16. a4 h5 17. gxh5 Bh6 18. f3 Qxh3 19. Qf2 g4 20. b5 Nxf3+
21. Qxf3 gxf3 22. Rf2 Rhg8+ 23. Rg2 Qxg2# { White checkmated } 0-1

[Event "ICC tourney 2556 (25 5)"]
[Site "Internet Chess Club"]
[Date "2021.05.08"]
[Round "1"]
[White "JAMES KONG, MILO:K05-16203724"]
[Black "ANDREW DOUGLAS MURPHY, JACK:K05-16368541"]
[Result "1-0"]
[ICCResult "Black checkmated"]
[WhiteElo "1570"]
[BlackElo "754"]
[Opening "Ruy Lopez: Berlin defense, Beverwijk variation"]
[ECO "C64"]
[NIC "RL.01"]
[Time "11:31:33"]
[PlyCount "39"]
[TimeControl "1500+5"]

1. e4 e5 2. Nf3 Nc6 3. Bb5 Bc5 4. O-O Nf6 5. Bxc6 bxc6 6. Re1 O-O 7. Nxe5
Qe7 8. d4 d6 9. Nxc6 Qd7 10. e5 Qxc6 11. exf6 Bb7 12. Qg4 g6 13. dxc5 dxc5
14. Qg5 Rae8 15. Rxe8 Rxe8 16. Bd2 Qe4 17. Nc3 Qxc2 18. Qh6 Re1+ 19. Rxe1
Qxc3 20. Qg7# { Black checkmated } 1-0

[Event "ICC tourney 2556 (25 5)"]
[Site "Internet Chess Club"]
[Date "2021.05.08"]
[Round "1"]
[White "NGUYEN, KEVIN:K05-16839412"]
[Black "RIAZ, RAYHAN:K05-16543002"]
[Result "0-1"]
[ICCResult "White checkmated"]
[WhiteElo "705"]
[BlackElo "1478"]
[Opening "Sicilian: accelerated fianchetto, modern variation"]
[ECO "B34"]
[NIC "SI.33"]
[Time "11:32:13"]
[PlyCount "90"]
[TimeControl "1500+5"]

1. e4 c5 2. Nf3 Nc6 3. d4 cxd4 4. Nxd4 g6 5. Nc3 Bg7 6. Nf3 d6 7. Be3 Nf6
8. Bb5 O-O 9. O-O Bd7 10. Bc4 Rc8 11. Qe2 Ng4 12. Bf4 Nge5 13. Nxe5 Nxe5
14. Bd5 Bc6 15. Be3 Bxd5 16. exd5 Nc4 17. Bxa7 Nxb2 18. Rab1 Bxc3 19. Qe3
Bg7 20. Rfc1 Qa5 21. Bd4 Nc4 22. Qd3 Bxd4 23. Qxd4 Rc7 24. Ra1 Rfc8 25. a4
Qd2 26. Qa7 Qxd5 27. Rd1 Qc5 28. Qxc5 Rxc5 29. Rab1 b6 30. Re1 e6 31. Red1
d5 32. g3 Ra5 33. Ra1 Rca8 34. Rab1 Rxa4 35. Rd4 Ra1 36. Rdd1 Rxb1 37. Rxb1
Ra2 38. c3 Rc2 39. Rb3 Kg7 40. f4 Kf6 41. Kf1 Kf5 42. Ke1 Ke4 43. h4 Kd3
44. Kd1 Ne3+ 45. Ke1 Re2# { White checkmated } 0-1

[Event "ICC tourney 2556 (25 5)"]
[Site "Internet Chess Club"]
[Date "2021.05.08"]
[Round "1"]
[White "BIRD, BRIAN:K05-15768143"]
[Black "PALANIAPPAN, ABHINAV:K05-16592332"]
[Result "1-0"]
[ICCResult "Black checkmated"]
[WhiteElo "1530"]
[BlackElo "732"]
[Opening "Nimzovich-Larsen attack: modern variation"]
[ECO "A01"]
[NIC "VO.08"]
[Time "11:31:33"]
[PlyCount "149"]
[TimeControl "1500+5"]

1. b3 e5 2. Bb2 Nc6 3. e3 d5 4. Be2 Nf6 5. c4 dxc4 6. Bxc4 Bd6 7. Nf3 O-O
8. O-O Bg4 9. h3 Bxf3 10. Qxf3 e4 11. Bxf6 Qxf6 12. Qxf6 gxf6 13. Nc3 Rae8
14. Rac1 Bb4 15. Rc2 Bxc3 16. dxc3 Kg7 17. Bb5 Kg6 18. Rd1 Rd8 19. Rxd8
Rxd8 20. Bxc6 bxc6 21. Kf1 Kf5 22. Ke2 Ke5 23. Rd2 Rxd2+ 24. Kxd2 Kd5 25.
c4+ Kc5 26. Kc3 a5 27. a4 h5 28. h4 f5 29. f3 f6 30. f4 Kd6 31. b4 axb4+
32. Kxb4 Kd7 33. Kc5 Kc8 34. Kxc6 Kb8 35. a5 Ka7 36. Kxc7 Ka6 37. Kd6 Kxa5
38. Ke6 Kb4 39. Kxf6 Kxc4 40. Kxf5 Kd3 41. g4 Kxe3 42. gxh5 Kf3 43. h6 e3
44. h7 e2 45. h8=Q e1=Q 46. Qh5+ Kf2 47. Qg6 Qb1+ 48. Kg5 Qg1+ 49. Kh5 Qd1+
50. Qg4 Qd5+ 51. f5 Qf7+ 52. Qg6 Qd5 53. Kh6 Kf3 54. h5 Qd2+ 55. Kh7 Qd7+
56. Kh6 Qd2+ 57. Qg5 Qd6+ 58. f6 Ke4 59. Qg6+ Kd5 60. Qd3+ Ke6 61. Qxd6+
Kxd6 62. f7 Ke7 63. Kg7 Ke6 64. h6 Ke7 65. h7 Ke6 66. h8=Q Ke7 67. f8=Q+
Kd7 68. Qd8+ Kc6 69. Qhe8+ Kc5 70. Qee7+ Kc4 71. Qdd6 Kb5 72. Qec7 Ka4 73.
Qdd8 Kb3 74. Qdb8+ Ka3 75. Qca7# { Black checkmated } 1-0

[Event "ICC tourney 2556 (25 5)"]
[Site "Internet Chess Club"]
[Date "2021.05.08"]
[Round "1"]
[White "GOLANN, MATTHEW:K05-16609856"]
[Black "CHAKKIRALA, NITIKA:K05-17289378"]
[Result "1-0"]
[ICCResult "Black checkmated"]
[WhiteElo "1057"]
[BlackElo "219"]
[Opening "Scotch game"]
[ECO "C45"]
[NIC "SO.04"]
[Time "11:30:28"]
[PlyCount "79"]
[TimeControl "1500+5"]

1. e4 e5 2. Nf3 Nc6 3. d4 exd4 4. Nxd4 Nxd4 5. Qxd4 Nf6 6. e5 Ng8 7. Bc4 d6
8. Qd5 Be6 9. Qxb7 Rb8 10. Qc6+ Qd7 11. Qxd7+ Bxd7 12. exd6 cxd6 13. O-O
Nf6 14. Nc3 Rc8 15. Bb3 Be7 16. Re1 Rc5 17. Be3 Re5 18. Bxa7 O-O 19. Rxe5
dxe5 20. Rd1 Be6 21. Bxe6 fxe6 22. Nb5 Rd8 23. Rxd8+ Bxd8 24. f3 Nd5 25.
Kf2 Kf7 26. Ke2 Kf6 27. Nd6 Be7 28. Ne4+ Kf5 29. Be3 Nf6 30. g4+ Kg6 31.
Nxf6 gxf6 32. a4 Bd8 33. b4 Be7 34. a5 Bxb4 35. a6 f5 36. a7 fxg4 37. a8=Q
gxf3+ 38. Kxf3 Bd6 39. Qg8+ Kf5 40. Qf7# { Black checkmated } 1-0

[Event "ICC tourney 2556 (25 5)"]
[Site "Internet Chess Club"]
[Date "2021.05.08"]
[Round "1"]
[White "SWIFT, ANASTASIYA:K05-30125631"]
[Black "ZHANG, KYLIE:K05-16733661"]
[Result "0-1"]
[ICCResult "White checkmated"]
[WhiteElo "688"]
[BlackElo "1453"]
[Opening "Sicilian: Nimzovich-Rossolimo attack (with ...g6, without ...d6)"]
[ECO "B31"]
[NIC "SI.31"]
[Time "11:32:11"]
[PlyCount "48"]
[TimeControl "1500+5"]

1. e4 c5 2. Nf3 Nc6 3. Bb5 g6 4. Bxc6 dxc6 5. O-O Bg7 6. d3 Nf6 7. Nc3 O-O
8. Be3 b6 9. d4 cxd4 10. Nxd4 Qc7 11. Nf3 Bb7 12. Qd4 Ng4 13. Qd3 Rad8 14.
Qc4 Nxe3 15. fxe3 Qc8 16. Rad1 Ba6 17. Qb4 Bxf1 18. Kxf1 Rxd1+ 19. Nxd1
Qa6+ 20. Kg1 Qxa2 21. Qxe7 Qb1 22. Qd6 Qxc2 23. Ng5 Qe2 24. Nc3 Qe1# {
White checkmated } 0-1